 Dungeon Crawl Stone Soup version 0.27-a0-1438-g9b7c6745da (webtiles) character file.

Game seed: 5497246830332779761

210 Delamore the Twirler (level 6, 0/50 HPs)
             Began as a Formicid Fighter on July 4, 2021.
             Succumbed to an orc wizard's poison
             ... on level 3 of the Dungeon.
             The game lasted 00:01:49 (2378 turns).

Delamore the Twirler (Formicid Fighter)             Turns: 2378, Time: 00:01:49

Health: 0/50       AC:  9    Str: 24    XL:     6   Next: 12%
Magic:  6/6        EV:  6    Int:  8    God:
Gold:   94         SH: 11    Dex: 12    Spells: 5/5 levels left

rFire    . . .     SeeInvis +   a - +0 quarterstaff
rCold    . . .     Faith    .   c - +1 kite shield
rNeg     . . .     Spirit   .   k - +0 chain mail
rPois    .         Reflect  .   (helmet unavailable)
rElec    .         Harm     .   (no cloak)
rCorr    .         Rampage  .   (no gloves)
Will     .....                  (no boots)
Stlth    ..........             (no amulet)
HPRegen  0.16/turn              (no ring)
MPRegen  0.10/turn              (no ring)

@: lethally poisoned (0 -> -7), invisible
A: permanent stasis, dig shafts and tunnels, antennae 3, four strong arms, agile
1, strong 1
a: Dig, Shaft Self


You were on level 3 of the Dungeon.
You visited 1 branch of the dungeon, and saw 3 of its levels.

You collected 94 gold pieces.

Inventory:

Hand Weapons
 a - a +0 quarterstaff (weapon)
Missiles
 n - 4 boomerangs (quivered)
Armour
 b - a +0 scale mail
 c - a +1 kite shield (worn)
 k - a +0 chain mail (worn)
Wands
 o - a wand of digging (7)
Scrolls
 h - 2 scrolls of teleportation
 l - a scroll of enchant armour
 p - a scroll of identify {unknown}
Potions
 d - a potion of might
 e - a potion of mutation
 f - a potion of brilliance {unknown}
 g - a potion of haste {unknown}
 i - a potion of magic {unknown}
 m - a potion of curing {unknown}


   Skills:
 + Level 4.8 Fighting
 * Level 4.9 Staves
 - Level 3.2 Armour
 - Level 3.6 Shields


You had 5 spell levels left.
You didn't know any spells.
Your spell library contained the following spells:

 Spells                   Type           Power      Damage    Failure   Level
 Beastly Appendage        Tmut           0%         N/A       100%        1
 Wereblood                Tmut           0%         N/A       100%        2
 Spider Form              Tmut/Pois      0%         N/A       100%        3


Dungeon Overview and Level Annotations

Branches:
Dungeon (3/15)

Altars:
Yredelemnul


Innate Abilities, Weirdness & Mutations

You cannot be hasted, slowed, berserked, paralysed or teleported.
You can dig through walls and to a lower floor.
You have a pair of large antennae on your head. (SInv)
Your four strong arms can wield two-handed weapons with a shield.
You are agile. (Dex +2)
Your muscles are strong. (Str +2)


Message History

The orc wizard gestures at you while chanting.
The magic dart hits you. The orc hits you but does no damage.
The rat twitches its whiskers.
You feel sick. The orc hits you with a +0 hand axe.
The orc wizard casts a spell at you. The magic dart hits you.
You feel less confused.
You feel very sick.
The orc wizard hits you but does no damage.
You block the orc's attack.
You feel sick. You block the orc's attack.
The rat bites you but does no damage.
You feel sick.
You feel sick.
You feel sick.
You feel sick.
You extend your mandibles.
You dig through the rock wall.
You feel sick.
You dig through the rock wall.
You feel sick.
You are no longer poisoned.
You block the orc's attack.
You dig through the rock wall.
You barely miss the orc. The orc hits you but does no damage.
You sock the orc!
You kill the orc!
The orc wizard hits you with a +2 dagger of venom.
* * * LOW HITPOINT WARNING * * *
You are lethally poisoned!
You hit the orc wizard.
The orc wizard is severely wounded.
* * * LOW HITPOINT WARNING * * *
You feel very sick. You block the orc wizard's attack.
It was a potion of mutation.
You feel extremely strange.
You feel agile.
You feel stronger.
* * * LOW HITPOINT WARNING * * *
You feel sick. You block the orc wizard's attack.
It was a potion of invisibility.
You fade into invisibility!
You die...

#.≈.≈≈≈..o.......###
#..P≈≈o).r$......... #
...≈≈≈...#.......###..
..≈≈≈≈.≈.#...........
..≈≈≈≈≈≈.#........###.
..≈≈≈≈P≈.....{{{......
.≈P≈≈≈≈≈..####{#...##
≈≈≈≈≈P≈...# #o## ..#
.≈≈≈≈≈≈...# ##@# .#
≈≈≈..# ### ≈≈≈..


You could see an orc wizard (invisible).

Vanquished Creatures
  Sigmund (D:2)
  2 worms (D:2)
  2 orcs (D:3)
  5 bats
  7 endoplasms
  A giant cockroach (D:1)
  6 goblins
  2 hobgoblins (D:1)
  4 kobolds
  3 quokkas (D:1)
  5 ball pythons (D:1)
  3 frilled lizards
  6 rats
47 creatures vanquished.

Vanquished Creatures (others)
  3 plants (D:3)
3 creatures vanquished.

Grand Total: 50 creatures vanquished

Notes
Turn   | Place    | Note
-------+----------+-------------------------------------------
     0 | D:1      | Delamore the Formicid Fighter began the quest for the Orb.
     0 | D:1      | Reached XP level 1. HP: 18/18 MP: 1/1
   316 | D:1      | Reached XP level 2. HP: 23/24 MP: 2/2
   691 | D:1      | Reached XP level 3. HP: 12/30 MP: 3/3
  1335 | D:2      | Found a basalt altar of Yredelemnul.
  1475 | D:2      | Found a faded altar of an unknown god.
  1972 | D:2      | Noticed Sigmund
  1974 | D:2      | Reached XP level 4. HP: 37/37 MP: 4/4
  1988 | D:2      | Killed Sigmund
  1989 | D:2      | Reached XP level 5. HP: 16/43 MP: 5/5
  1989 | D:2      | Reached XP level 6. HP: 18/49 MP: 6/6
  2377 | D:3      | Gained mutation: You are agile. (Dex +2) [potion of
                  | mutation]
  2377 | D:3      | Gained mutation: Your muscles are strong. (Str +2) [potion
                  | of mutation]
  2377 | D:3      | HP: 2/50 [poisoned by an orc wizard]
  2378 | D:3      | Succumbed to an orc wizard's poison

Illustrated notes

Levels and vault maps discovered:
D:1:      elethiomel_arrival_diamonds, layout_basic, serial_corexii_hall,
          chequers_hall_statues_wall_a, corexii_hall_statues_x, minivault_11,
          serial_bayou_pond_b
D:2:      layout_loops_cross, chequers_ecumenical_altar_simple_redux,
          basic_altar, corexii_item_surrounded_by_moat, uniq_sigmund
D:3:      layout_basic, chequers_big_river, hangedman_decor_opposing,
          minmay_stone_trees_small, serial_bayou_pond_e

Skill      XL: |  1  2  3  4 |
---------------+-------------+-----
Staves         | 3 4 |  4.9
Fighting       | 4 |  4.8
Armour         | |  3.2
Shields        | |  3.6

Action                   |  1- 3 |  4- 6 || total
-------------------------+-------+-------++-------
Melee: Quarterstaff      |    88 |    29 ||   117
Throw: Boomerang         |       |     2 ||     2
 Abil: Dig               |     2 |     1 ||     3
  Use: Scroll            |     3 |       ||     3
       Potion            |       |     2 ||     2
Armor: Scale mail        |    36 |       ||    36
       Chain mail        |     1 |    13 ||    14
Dodge: Dodged            |    37 |     7 ||    44
Block: Kite shield       |    45 |    14 ||    59

Table legend: (Time is in decaauts)
 A = Elapsed time spent in this place.
 B = Non-inter-level travel time spent in this place.
 C = Inter-level travel time spent in this place.
 D = Time resting spent in this place.
 E = Time spent auto-exploring this place.
 F = Levels seen in this place.
 G = Mean time per level.
                   A        B        C        D        E       F      G
               +--------+--------+--------+--------+--------+-----+--------+
         Total |   2421 |   2272 |    149 |    409 |   1514 |   3 |  807.0 |
       Dungeon |   2421 |   2272 |    149 |    409 |   1514 |   3 |  807.0 |
               +--------+--------+--------+--------+--------+-----+--------+

Top non-repeatable levels by time:
     D:1: 1363 daAuts
     D:2: 946 daAuts
     D:3: 112 daAuts
